TOP OF THE 1ST |
San Jose Giants batting - Pitching for San Antonio Missions : RHP Chad Norris
|
Pitching: RHP Chad Norris
|
|
Batting: RHB Edwin Verdugo
|
0-0: Called Strike 0-1: Foul Ball, location: 2F 0-2: Foul Ball, location: 2F 0-2: Foul Ball, location: 2F 0-2: Ball 1-2: Ball 2-2: Foul Ball, location: 2F 2-2: Ball 3-2: Fly out, F8 (Flyball, 8RD, EV 83.8 MPH)
|
Batting: RHB Frank Pena
|
0-0: Ball 1-0: Ball 2-0: Ball 3-0: Called Strike 3-1: Ground out 3-1 (Groundball, 13, EV 90.6 MPH)
|
Batting: LHB Oscar Tamayo
|
0-0: Ball 1-0: Called Strike 1-1: SINGLE (Groundball, 6D, EV 103.8 MPH)
|
Batting: LHB Steve Nevis
|
0-0: Called Strike 0-1: Swinging Strike 0-2: Ball 1-2: Ground out 6-3 (Groundball, 6MS, EV 90.0 MPH)
|
Top of the 1st over - 0 runs, 1 hit, 0 errors, 1 left on base; San Jose 0 - San Antonio 0 |
BOTTOM OF THE 1ST |
San Antonio Missions batting - Pitching for San Jose Giants : RHP Kenjyu Watanabe
|
Pitching: RHP Kenjyu Watanabe
|
|
Batting: LHB Teko van de Sande
|
0-0: Ball 1-0: Ball 2-0: Called Strike 2-1: Foul Ball, location: 2F 2-2: Foul Ball, location: 2F 2-2: Foul Ball, location: 2F 2-2: Foul Ball, location: 2F 2-2: Strikes out swinging
|
Batting: LHB Matt Patnaude
|
0-0: Ball 1-0: Ball 2-0: Ball 3-0: Base on Balls
|
Batting: RHB Mike Maserang
|
0-0: Foul Ball, location: 2F 0-1: Fly out, F7 (Flyball, 78S, EV 92.5 MPH)
|
Batting: RHB Cesar Ortega
|
0-0: Called Strike 0-1: Fly out, F7 (Line Drive, 7D, EV 91.9 MPH)
|
Bottom of the 1st over - 0 runs, 0 hits, 0 errors, 1 left on base; San Jose 0 - San Antonio 0 |
TOP OF THE 2ND |
San Jose Giants batting - Pitching for San Antonio Missions : RHP Chad Norris
|
Batting: RHB Coen Dirks
|
0-0: Reached on error, E5 (Groundball, 56, EV 81.9 MPH)
|
Batting: LHB Gil Caraveo
|
0-0: Called Strike 0-1: Called Strike 0-2: Ground out 4-3 (Groundball, 4, EV 88.1 MPH) Coen Dirks to second
|
Batting: RHB Josh Truell
|
0-0: Called Strike 0-1: Called Strike 0-2: Strikes out swinging
|
Batting: RHB Teruhide Horiuchi
|
0-0: SINGLE (Groundball, 34, EV 100.0 MPH) Coen Dirks to third Runner from 3rd tries for Home, SAFE, throw by RF to home
|
Batting: RHB Ed Broomhead
|
0-0: Ball 1-0: Ball Teruhide Horiuchi is caught stealing 2nd base 2-4
|
Top of the 2nd over - 1 run, 1 hit, 1 error, 0 left on base; San Jose 1 - San Antonio 0 |
BOTTOM OF THE 2ND |
San Antonio Missions batting - Pitching for San Jose Giants : RHP Kenjyu Watanabe
|
Batting: RHB John Freeman
|
0-0: Ground out 6-3 (Groundball, 56D, EV 105.0 MPH)
|
Batting: RHB Adrian Martinelli
|
0-0: Called Strike 0-1: Ball 1-1: Swinging Strike 1-2: Ball 2-2: Fly out, F8 (Flyball, 8RM, EV 81.2 MPH)
|
Batting: RHB David Aguilar
|
0-0: Ball 1-0: Ground out 5-3 (Groundball, 56, EV 88.1 MPH)
|
Bottom of the 2nd over - 0 runs, 0 hits, 0 errors, 0 left on base; San Jose 1 - San Antonio 0 |
TOP OF THE 3RD |
San Jose Giants batting - Pitching for San Antonio Missions : RHP Chad Norris
|
Batting: RHB Ed Broomhead
|
0-0: Ground out 6-3 (Groundball, 6, EV 91.2 MPH)
|
Batting: RHB Edwin Verdugo
|
0-0: Called Strike 0-1: Called Strike 0-2: Ball 1-2: Strikes out swinging
|
Batting: RHB Frank Pena
|
0-0: Foul Ball, location: 2F 0-1: Called Strike 0-2: Ball 1-2: Hit by Pitch
|
Batting: LHB Oscar Tamayo
|
0-0: Called Strike Frank Pena is caught stealing 2nd base 2-6
|
Top of the 3rd over - 0 runs, 0 hits, 0 errors, 0 left on base; San Jose 1 - San Antonio 0 |
BOTTOM OF THE 3RD |
San Antonio Missions batting - Pitching for San Jose Giants : RHP Kenjyu Watanabe
|
Batting: LHB Josh Slusarczyk
|
0-0: Ball 1-0: Called Strike 1-1: Called Strike 1-2: Ball 2-2: Fly out, F7 (Flyball, 7, EV 85.0 MPH)
|
Batting: RHB Roberto Monzon
|
0-0: Ground out 5-3 (Groundball, 5L, EV 83.8 MPH)
|
Batting: LHB Teko van de Sande
|
0-0: Ball 1-0: Called Strike 1-1: Ball 2-1: Ground out U3 (Groundball, 3, EV 105.6 MPH)
|
Bottom of the 3rd over - 0 runs, 0 hits, 0 errors, 0 left on base; San Jose 1 - San Antonio 0 |
TOP OF THE 4TH |
San Jose Giants batting - Pitching for San Antonio Missions : RHP Chad Norris
|
Batting: LHB Oscar Tamayo
|
0-0: Foul Ball, location: 2F 0-1: Ground out 5-3 (Groundball, 56, EV 104.4 MPH)
|
Batting: LHB Steve Nevis
|
0-0: Ball 1-0: Swinging Strike 1-1: Called Strike 1-2: Ball 2-2: Ground out 2-3 (Groundball, 13S, EV 65.6 MPH)
|
Batting: RHB Coen Dirks
|
0-0: Ball 1-0: SINGLE (Groundball, 6MD, EV 94.4 MPH)
|
Batting: LHB Gil Caraveo
|
0-0: Ball 1-0: Ball Coen Dirks steals 2nd base (no throw) 2-0: Foul Ball, location: 2F 2-1: Ground out 4-3 (Groundball, 4, EV 78.8 MPH)
|
Top of the 4th over - 0 runs, 1 hit, 0 errors, 1 left on base; San Jose 1 - San Antonio 0 |
BOTTOM OF THE 4TH |
San Antonio Missions batting - Pitching for San Jose Giants : RHP Kenjyu Watanabe
|
Batting: LHB Matt Patnaude
|
0-0: Called Strike 0-1: Swinging Strike 0-2: Foul Ball, location: 2F 0-2: Ball 1-2: Strikes out looking
|
Batting: RHB Mike Maserang
|
0-0: Fly out, F8 (Line Drive, 89D, EV 88.1 MPH)
|
Batting: RHB Cesar Ortega
|
0-0: Called Strike 0-1: SINGLE (Groundball, 56, EV 106.9 MPH) (infield hit)
|
Batting: RHB John Freeman
|
0-0: Ball 1-0: Called Strike 1-1: Called Strike Cesar Ortega steals 2nd base 1-2: Reached on error, E6 (Groundball, 6, EV 85.0 MPH) Cesar Ortega to third
|
Batting: RHB Adrian Martinelli
|
0-0: Ball 1-0: Ball 2-0: Called Strike 2-1: Ball 3-1: Foul Ball, location: 2F 3-2: Foul Ball, location: 2F 3-2: Foul Ball, location: 2F 3-2: SINGLE (Groundball, 6D, EV 100.0 MPH) Cesar Ortega scores John Freeman to second John Freeman to third
|
Batting: RHB David Aguilar
|
0-0: Called Strike 0-1: DOUBLE (Line Drive, 5D, EV 98.1 MPH) John Freeman scores Adrian Martinelli to third Runner from 3rd tries for Home, SAFE, throw by LF to trailing runner, SAFE at third!
|
Batting: LHB Josh Slusarczyk
|
0-0: Ball 1-0: Ball 2-0: Called Strike 2-1: Ball 3-1: Called Strike 3-2: Foul Ball, location: 2F 3-2: Strikes out swinging
|
Bottom of the 4th over - 3 runs, 3 hits, 1 error, 1 left on base; San Jose 1 - San Antonio 3 |
TOP OF THE 5TH |
San Jose Giants batting - Pitching for San Antonio Missions : RHP Chad Norris
|
Batting: RHB Josh Truell
|
0-0: SOLO HOME RUN (Flyball, 7LD, EV 92.5 MPH), Distance : 342 ft
|
Batting: RHB Teruhide Horiuchi
|
0-0: Called Strike 0-1: Swinging Strike 0-2: Ball 1-2: Ball 2-2: Ground out 5-3 (Groundball, 56, EV 88.1 MPH)
|
Batting: RHB Ed Broomhead
|
0-0: Ground out U3 (Groundball, 3S, EV 85.6 MPH)
|
Batting: RHB Edwin Verdugo
|
0-0: Called Strike 0-1: Ball 1-1: Ball 2-1: Foul Ball, location: 2F 2-2: Strikes out looking
|
Top of the 5th over - 1 run, 1 hit, 0 errors, 0 left on base; San Jose 2 - San Antonio 3 |
BOTTOM OF THE 5TH |
San Antonio Missions batting - Pitching for San Jose Giants : RHP Kenjyu Watanabe
|
Batting: RHB Roberto Monzon
|
0-0: Fly out, F4 (Line Drive, 4, EV 65.6 MPH)
|
Batting: LHB Teko van de Sande
|
0-0: Swinging Strike 0-1: Ball 1-1: Foul Ball, location: 2F 1-2: Ball 2-2: SINGLE (Groundball, 4M, EV 102.5 MPH) (infield hit)
|
Batting: LHB Matt Patnaude
|
0-0: Ball 1-0: Foul Ball, location: 2F 1-1: Ball Teko van de Sande steals 2nd base (no throw) 2-1: Ball 3-1: Ground out U3 (Groundball, 3L, EV 83.1 MPH) Teko van de Sande to third
|
Batting: RHB Mike Maserang
|
0-0: Called Strike 0-1: Ball 1-1: Ball 2-1: Ball 3-1: Base on Balls
|
Batting: RHB Cesar Ortega
|
0-0: Ball Wild Pitch! Teko van de Sande scores Mike Maserang to second 1-0: Ball 2-0: Foul Ball, location: 2F 2-1: Foul Ball, location: 2F 2-2: 2-RUN HOME RUN (Flyball, 78XD, EV 101.2 MPH), Distance : 409 ft
|
Pitching: RHP Peter Ellis
|
|
Batting: RHB John Freeman
|
0-0: Ball 1-0: Called Strike 1-1: Ball 2-1: Foul Ball, location: 2F 2-2: Foul Ball, location: 2F 2-2: Ball 3-2: Foul Ball, location: 2F 3-2: Foul Ball, location: 2F 3-2: Ground out 5-3 (Groundball, 56, EV 92.5 MPH)
|
Bottom of the 5th over - 3 runs, 2 hits, 0 errors, 0 left on base; San Jose 2 - San Antonio 6 |
TOP OF THE 6TH |
San Jose Giants batting - Pitching for San Antonio Missions : RHP Chad Norris
|
Batting: RHB Frank Pena
|
0-0: Ball 1-0: Swinging Strike 1-1: Called Strike 1-2: Strikes out swinging
|
Batting: LHB Oscar Tamayo
|
0-0: Foul Ball, location: 2F 0-1: Ball 1-1: Ball 2-1: Ball 3-1: Base on Balls
|
Batting: LHB Steve Nevis
|
0-0: Ball 1-0: Called Strike 1-1: Ball 2-1: Fly out, F7 (Line Drive, 7S, EV 103.8 MPH)
|
Batting: RHB Coen Dirks
|
0-0: Ball 1-0: Swinging Strike 1-1: Ball 2-1: Reached on error, E5 (Groundball, 56S, EV 87.5 MPH) Oscar Tamayo to second
|
Batting: LHB Gil Caraveo
|
0-0: Ball 1-0: Foul Ball, location: 2F 1-1: Swinging Strike 1-2: DOUBLE (Groundball, 3L, EV 106.2 MPH) Oscar Tamayo scores Coen Dirks to third Runner from 3rd tries for Home, SAFE, throw by RF to home
|
Batting: RHB Josh Truell
|
0-0: Ball 1-0: Ball 2-0: Foul Ball, location: 2F 2-1: Foul Ball, location: 2F 2-2: Ball 3-2: SINGLE (Groundball, 6MD, EV 95.6 MPH) Gil Caraveo to third Runner from 3rd tries for Home, SAFE, throw by CF to home
|
Pitching: LHP Ed Valdez
|
|
Batting: RHB Teruhide Horiuchi
|
0-0: Swinging Strike 0-1: Ball 1-1: Fielders Choice at 2nd, 6-4 (Groundball, 6, EV 83.8 MPH)
|
Top of the 6th over - 3 runs, 2 hits, 1 error, 1 left on base; San Jose 5 - San Antonio 6 |
BOTTOM OF THE 6TH |
San Antonio Missions batting - Pitching for San Jose Giants : RHP Peter Ellis
|
Batting: RHB Adrian Martinelli
|
0-0: Called Strike 0-1: Ball 1-1: Called Strike 1-2: Ball 2-2: Ground out 5-3 (Groundball, 56S, EV 88.1 MPH)
|
Batting: RHB David Aguilar
|
0-0: Called Strike 0-1: Ball 1-1: Ball 2-1: Ball 3-1: Base on Balls
|
Pitching: RHP Sanya Mikushevich
|
|
Batting: LHB Josh Slusarczyk
|
0-0: Fly out, F9 (Flyball, 9LSF, EV 81.9 MPH)
|
Batting: RHB Roberto Monzon
|
0-0: Called Strike 0-1: Swinging Strike 0-2: Ball 1-2: Fly out, F7 (Flyball, 7, EV 84.4 MPH)
|
Bottom of the 6th over - 0 runs, 0 hits, 0 errors, 1 left on base; San Jose 5 - San Antonio 6 |
TOP OF THE 7TH |
San Jose Giants batting - Pitching for San Antonio Missions : LHP Ed Valdez
|
Batting: RHB Ed Broomhead
|
0-0: Ball 1-0: Ground out 5-3 (Groundball, 5S, EV 70.6 MPH)
|
Batting: RHB Edwin Verdugo
|
0-0: Called Strike 0-1: Foul Ball, location: 2F 0-2: Strikes out swinging
|
Batting: RHB Frank Pena
|
0-0: Called Strike 0-1: Ball 1-1: Foul Ball, location: 2F 1-2: Ground out 5-3 (Groundball, 56, EV 98.1 MPH)
|
Top of the 7th over - 0 runs, 0 hits, 0 errors, 0 left on base; San Jose 5 - San Antonio 6 |
BOTTOM OF THE 7TH |
San Antonio Missions batting - Pitching for San Jose Giants : RHP Sanya Mikushevich
|
Batting: LHB Teko van de Sande
|
0-0: Called Strike 0-1: Ground out 3-1 (Groundball, 34, EV 79.4 MPH)
|
Batting: LHB Matt Patnaude
|
0-0: Ball 1-0: Ball 2-0: Ball 3-0: Called Strike 3-1: Swinging Strike 3-2: Strikes out swinging
|
Batting: RHB Mike Maserang
|
0-0: Ground out 5-3 (Groundball, 5, EV 88.1 MPH)
|
Bottom of the 7th over - 0 runs, 0 hits, 0 errors, 0 left on base; San Jose 5 - San Antonio 6 |
TOP OF THE 8TH |
San Jose Giants batting - Pitching for San Antonio Missions : LHP Ed Valdez
|
Batting: LHB Oscar Tamayo
|
0-0: Foul Ball, location: 2F 0-1: SINGLE (Groundball, 56D, EV 108.1 MPH)
|
Batting: LHB Steve Nevis
|
0-0: Ball 1-0: Ball 2-0: Swinging Strike 2-1: Swinging Strike 2-2: Strikes out swinging
|
Batting: RHB Coen Dirks
|
0-0: Called Strike 0-1: Called Strike 0-2: Ball 1-2: Ground out 5-3 (Groundball, 56S, EV 63.8 MPH) Oscar Tamayo to second
|
Batting: LHB Gil Caraveo
|
0-0: Ball 1-0: Ball 2-0: Swinging Strike 2-1: Ground out U3 (Groundball, 34S, EV 93.1 MPH)
|
Top of the 8th over - 0 runs, 1 hit, 0 errors, 1 left on base; San Jose 5 - San Antonio 6 |
BOTTOM OF THE 8TH |
San Antonio Missions batting - Pitching for San Jose Giants : RHP Sanya Mikushevich
|
Pitching: RHP Danny MacKinnon
|
|
Batting: RHB Cesar Ortega
|
0-0: Ball 1-0: SINGLE (Flyball, 9LS, EV 88.8 MPH)
|
Batting: RHB John Freeman
|
0-0: Called Strike 0-1: Swinging Strike 0-2: Ball 1-2: Strikes out swinging
|
Batting: RHB Adrian Martinelli
|
0-0: Ball 1-0: SINGLE (Flyball, 4D, EV 91.2 MPH) Cesar Ortega to second
|
Batting: RHB David Aguilar
|
0-0: Foul Ball, location: 2F 0-1: Ball 1-1: Ball 2-1: Ball 3-1: Base on Balls Cesar Ortega to third Adrian Martinelli to second
|
Pitching: LHP Jimmy Heinecke
|
|
Batting: LHB Josh Slusarczyk
|
0-0: Foul Ball, location: 2F 0-1: Ball 1-1: Foul Ball, location: 2F 1-2: Foul Ball, location: 2F 1-2: Ball 2-2: Fly out, F9 (Flyball, 89S, EV 83.8 MPH)
|
Batting: RHB Roberto Monzon
|
0-0: Ball 1-0: Called Strike 1-1: Foul Ball, location: 2F 1-2: Strikes out looking
|
Bottom of the 8th over - 0 runs, 2 hits, 0 errors, 3 left on base; San Jose 5 - San Antonio 6 |
TOP OF THE 9TH |
San Jose Giants batting - Pitching for San Antonio Missions : LHP Ed Valdez
|
Pitching: RHP Colin Dorsey
|
|
Pinch Hitting: LHB Mike Roberts
|
0-0: Called Strike 0-1: Swinging Strike 0-2: Ball 1-2: Strikes out swinging
|
Pinch Hitting: LHB Takaaki Nishimoto
|
0-0: Called Strike 0-1: Foul Ball, location: 2F 0-2: Strikes out swinging
|
Pinch Hitting: RHB Ryan Bentz
|
0-0: SINGLE (Line Drive, 4D, EV 97.5 MPH)
|
Batting: RHB Edwin Verdugo
|
0-0: Called Strike Ryan Bentz steals 2nd base 0-1: Ball 1-1: Called Strike 1-2: Strikes out looking
|
Top of the 9th over - 0 runs, 1 hit, 0 errors, 1 left on base; San Jose 5 - San Antonio 6 |
|